cohdb
Replays
Latest Replays
All Replays
Popular Replays
Top Player Replays
Match Explorer
How It Works
Community
CoH3 Stats
Reddit
Sign in to upload your games and track your stats! →
Sign in with Steam
Match 42790519
Unlisted
Match 42790519
Overview
Messages
Build Orders
End
Construct Section Command Post
Royal Engineer Section
Infantry Section
Selects Indian Artillery Battlegroup
Infantry Section
ML 3-inch Mortar Team
Infantry Section
Construct Platoon Command Post
Selects Valour
Humber Armored Car
Selects Gurkha Rifles Section
Gurkha Rifles Section
Construct Company Command Post
Infantry Section
Matilda II Heavy Tank
Selects Volunteer Infantry
Construct Field Infirmary
Selects Artillery Saturation
Foot Guards Section
Selects Off-map Airburst Barrage
Infantry Training
6-pounder Anti-tank Gun Team
DibbeTC
Mad Mac
KdoSuBoziBojovnici
GEORGE LITTLEHOOF
0
0
Comments
sign in to comment!
No comments posted yet!